 Dungeon Crawl Stone Soup version 0.24-a0-693-g39a19ac0f1 (webtiles) character file.

Game seed: 13732184105132302366, levelgen mode: deterministic

31 Arixos the Sneak (level 3, -2/16 HPs)
             Began as a Vampire Enchanter on Sept 28, 2019.
             Slain by an adder (4 damage)
             ... on level 2 of the Dungeon.
             The game lasted 00:28:22 (1276 turns).

Arixos the Sneak (Vampire Enchanter)                Turns: 1276, Time: 00:28:28

Health: -2/16      AC:  0    Str:  6 (8)  XL:     3   Next: 7%
Magic:  6/6        EV: 20    Int: 15 (17) God:
Gold:   40         SH:  0    Dex: 17 (19) Spells: 5/6 levels left

rFire    . . .     SeeInvis +   (weapon currently unavailable)
rCold    + + .     Gourm    .   (shield currently unavailable)
rNeg     + + +     Faith    .   (armour currently unavailable)
rPois    ∞         Spirit   .   (helmet currently unavailable)
rElec    .         Reflect  .   (cloak currently unavailable)
rCorr    .         Harm     .   (gloves currently unavailable)
MR       .....                  (boots currently unavailable)
Stlth    +++++.....             (no amulet)
HPRegen  0.00/turn              (ring currently unavailable)
MPRegen  0.10/turn              (ring currently unavailable)

@: bat-form, flying, bloodless, regenerating quickly, very quick
A: tiny, no food, fangs 3, see invisible, [frail 1]
a: Revivify, End Transformation


You were on level 2 of the Dungeon.
You were bloodless.
You were in vampire-bat-form.
You visited 1 branch of the dungeon, and saw 2 of its levels.

You collected 40 gold pieces.

Inventory:

Hand Weapons
 a - a +1 dagger (melded)
Missiles
 i - 19 stones (quivered)
Armour
 b - a +0 robe
 j - a +0 leather armour (melded)
Jewellery
 g - a +6 ring of intelligence (melded)
Scrolls
 d - 2 scrolls of identify
 f - 2 scrolls of enchant weapon
Potions
 c - a potion of agility {unknown}
 e - a potion of cancellation {unknown}
 h - a potion of brilliance {unknown}


   Skills:
 + Level 0.3 Fighting
 + Level 1.3 Short Blades
 + Level 2.4 Dodging
 + Level 5.1 Stealth
 + Level 2.3 Spellcasting
 + Level 4.9 Hexes


You had 5 spell levels left.
You knew the following spells:

 Your Spells              Type           Power        Failure   Level  Hunger
a - Corona                Hex            ###....      2%          1    N/A

Your spell library contained the following spells:

 Spells                   Type           Power        Failure   Level  Hunger
 Confuse                  Hex            ###.....     9%          3    N/A
 Tukima's Dance           Hex            ###.....     9%          3    N/A
 Ensorcelled Hibernation  Hex/Ice        #.....       12%         2    N/A
 Dazzling Spray           Conj/Hex       #.....       24%         3    N/A

Dungeon Overview and Level Annotations

Branches:
Dungeon (2/15)

Altars:
Nemelex Xobeh
Trog


Innate Abilities, Weirdness & Mutations

You do not eat.
You do not regenerate when monsters are visible.
You are frail without blood (-20% HP).
You are immune to poison.
You have razor-sharp teeth.
You have supernaturally acute eyesight. (SInv)
((You can survive without breathing.))
[You are frail. (-10% HP)]


Message History

Found a stone staircase leading up.
Continue your ritual?
Uppercase [Y]es or [N]o only, please.
Continue your ritual?
Uppercase [Y]es or [N]o only, please.
Continue your ritual?
Uppercase [Y]es or [N]o only, please.
Continue your ritual?
You begin the revivification ritual.
You continue your ritual.
The adder misses you.
You continue your ritual.
The adder completely misses you. The adder bites you.
* * * LOW HITPOINT WARNING * * *
You continue your ritual.
The adder barely misses you.
You continue your ritual.
The adder misses you.
You continue your ritual.
The adder bites you.
You die...

......# # ......# .. ......# .#
......# .# ......######.# #####
### .............# #...# #..
.............# #...# #.#
###..........# #...# #.#
###w.........# #b..# #.#.####
..'..........# #S..# #.#.#...
.##†.........# #...# #.#.##.#
.##..........# #...# #.#.##.#
...........#.# #...# #.#.##.#
#.##########.# #...# #.#.##.#
.............###...#######.#.##.#
.......................S....>##.#
.#......#......<############.##.#


You could see an adder.

Vanquished Creatures
  An ooze (D:1)
  3 dart slugs
  5 goblins
  4 hobgoblins (D:1)
  A quokka (D:2)
  A bat (D:2)
  3 kobolds (D:2)
  3 rats
21 creatures vanquished.

Notes
Turn   | Place    | Note
-------+----------+-------------------------------------------
     0 | D:1      | Arixos the Vampire Enchanter began the quest for the Orb.
     0 | D:1      | Reached XP level 1. HP: 13/13 MP: 3/3
   189 | D:1      | Reached XP level 2. HP: 6/15 MP: 5/5
   402 | D:1      | Reached skill level 5 in Stealth
   687 | D:2      | Found a bloodstained altar of Trog.
   756 | D:2      | Reached XP level 3. HP: 21/21 MP: 6/6
   854 | D:2      | Found a sparkling altar of Nemelex Xobeh.
  1276 | D:2      | Slain by an adder

Levels and vault maps discovered:
D:1:      dpeg_arrival_solitude, layout_basic
D:2:      layout_basic, nicolae_overflow_crystal_walls, first_ration,
          nemelex_xobeh_ov_fountains_minmay

Skill      XL: |  1  2 |
---------------+-------+-----
Stealth        | 5 |  5.1
Fighting       | |  0.3
Short Blades   | |  1.3
Dodging        | |  2.4
Spellcasting   | |  2.3
Hexes          | |  4.9

Action                   || total
-------------------------++-------
Melee: Dagger            ||    66
       Bite              ||     8
       Unarmed           ||    45
 Abil: Exsanguinate      ||     2
       Revivify          ||     2
       Bat Form          ||     1
  Use: Potion            ||     2
       Scroll            ||     3
 Stab: Sleeping          ||     6
Armor: Robe              ||     2
Dodge: Dodged            ||    69

Table legend:
 A = Non-vault XP
 B = Vault XP
 C = Vault XP percentage of total XP
 D = Non-vault monster count
 E = Vault monster count
 F = Vault count percentage of total count
                 A         B        C        D         E       F
            +---------+---------+-------+---------+---------+-------
      Total |      45 |       0 |   0.0 |      21 |       0 |   0.0
            +---------+---------+-------+---------+---------+-------
        D:1 |      26 |       0 |   0.0 |       9 |       0 |   0.0
        D:2 |      19 |       0 |   0.0 |      12 |       0 |   0.0
            +---------+---------+-------+---------+---------+-------
